 Dungeon Crawl Stone Soup version 0.30.1-4-g462c640d31 (webtiles) character file.

Game seed: 6176632639879437150

355 Nick1 the Chopper (level 6, -8/48 HPs)
             Began as a Formicid Fighter on Sept 17, 2023.
             Was an Initiate of Okawaru.
             Mangled by an ogre
             ... wielding a +0 giant club
              (17 damage)
             ... on level 5 of the Dungeon.
             The game lasted 00:09:14 (3007 turns).

Nick1 the Chopper (Formicid Fighter)                Turns: 3007, Time: 00:09:14

Health: -8/48      AC: 12    Str: 22    XL:     6   Next: 95%
Magic:  6/6        EV:  6    Int:  8    God:    Okawaru [......]
Gold:   179        SH:  5    Dex: 13    Spells: 5/5 levels left

rFire   . . .        a - +0 war axe
rCold   . . .        c - +0 buckler
rNeg    . . .        i - +0 plate armour
rPois   .            (helmet unavailable)
rElec   .            (no cloak)
rCorr   +            (no gloves)
SInv    +            (no boots)
Will    .....        (no amulet) Stlth
                     k - ring of resist corrosion
HPRegen 0.28/turn    (no ring)
MPRegen 0.10/turn

%: no passive effects
@: mighty
A: permanent stasis, dig shafts and tunnels, antennae 3, four strong arms
a: Dig, Shaft Self, Renounce Religion


You were on level 5 of the Dungeon.
You worshipped Okawaru.
Okawaru was noncommittal.
You visited 2 branches of the dungeon, and saw 6 of its levels.

You collected 179 gold pieces.

Inventory:

Hand Weapons
 a - a +0 war axe (weapon)
Missiles
 o - 3 silver javelins (quivered)
Armour
 c - a +0 buckler (worn)
 i - a +0 plate armour (worn)
Jewellery
 k - a ring of resist corrosion (left hand)
Wands
 q - a wand of polymorph (5)
 s - a wand of iceblast (4)
 u - a wand of paralysis (9)
Scrolls
 b - a scroll of magic mapping {unknown}
 e - 2 scrolls of butterflies
 f - 2 scrolls of immolation {unknown}
 h - 2 scrolls of noise {unknown}
 l - a scroll of teleportation {unknown}
 x - a scroll of blinking {unknown}
Potions
 d - a potion of might
 g - a potion of resistance
 j - 5 potions of curing
 m - a potion of lignification
 n - a potion of heal wounds {unknown}
 p - 3 potions of magic {unknown}
 r - 2 potions of attraction
 t - a potion of ambrosia {unknown}
 v - a potion of brilliance {unknown}
 w - a potion of flight {unknown}


   Skills:
 * Level 4.2 Fighting
 * Level 5.1 Axes
 * Level 4.5 Armour
 + Level 0.1 Dodging
 * Level 4.9 Shields
 * Level 1.0 Invocations


You had 5 spell levels left.
You didn't know any spells.
Your spell library was empty.

Dungeon Overview and Level Annotations

Branches:
Dungeon (4/15)             Temple (1/1) D:4

Altars:
Elyvilon
Gozag
Hepliaklqana
Okawaru
Trog
Uskayaw
Wu Jian
Yredelemnul
Zin
The Shining One

Annotations:
D:3 2 transporters, croobank's ghost, amateur OpDe


Innate Abilities, Weirdness & Mutations

You cannot be hasted, slowed, berserked, paralysed or teleported.
You can dig through walls and to a lower floor.
You have a pair of large antennae on your head. (SInv)
Your four strong arms can wield two-handed weapons with a shield.


Message History

Found 14 gold pieces.
You see here 14 gold pieces.
Found a stone staircase leading down.
Found a potion of curing.
Found 5 gold pieces.
You see here a potion of curing.
You see here 5 gold pieces.
Found 2 stones.
You see here 5 gold pieces.
A wyvern comes into view.
You feel very mighty all of a sudden. The wyvern barely misses you.
You slice the wyvern!!
The wyvern is severely wounded.
The wyvern bites you! You block the wyvern's attack.
You hit the wyvern.
The wyvern is almost dead.
The wyvern bites you but does no damage.
The wyvern bites you.
You closely miss the wyvern.
The wyvern is almost dead.
The wyvern bites you but does no damage.
You block the wyvern's attack.
You slash the wyvern!
You kill the wyvern!
Okawaru is honoured by your kill.
Your Axes skill increases to level 5!
Your Invocations skill increases to level 1!
You hit the ogre.
The ogre is moderately wounded.
The ogre hits you with a +0 giant club.
You slash the ogre!
The ogre is severely wounded.
The ogre hits you with a +0 giant club!
You barely miss the ogre.
The ogre is severely wounded.
The ogre hits you with a +0 giant club!
* * * LOW HITPOINT WARNING * * *
The ogre attacks as you move away! The ogre hits you with a +0 giant club!
You die...

.#############.#..#.###.
.# #.......... .##
###....##.. ..#
#..####.. ..# #........
..# #.#####.# ..# #.#
.## #######O#####.# .#
.......@....... .#
.#####..####### .# #..#
.# .# #... .# #.# ....
.# #.# ##...# .#####
#.## #..## .....# #..
...# .###.####.# #


You could see an ogre.

Vanquished Creatures
  A wyvern (D:5)
  A hound (D:4)
  Jessica (D:2)
  Robin (D:2)
  5 adders
  2 worms
  A dart slug (D:1)
  4 orcs (D:4)
  4 bats
  8 endoplasms
  8 giant cockroaches
  6 hobgoblins
  3 jackals (D:1)
  5 quokkas
  4 ball pythons
  A frilled lizard (D:2)
  16 goblins
  5 kobolds
  8 rats
84 creatures vanquished.

Notes
Turn   | Place    | Note
-------+----------+-------------------------------------------
     0 | D:1      | Nick1 the Formicid Fighter began the quest for the Orb.
     0 | D:1      | Reached XP level 1. HP: 18/18 MP: 1/1
   183 | D:1      | Reached XP level 2. HP: 24/24 MP: 2/2
   474 | D:1      | Reached XP level 3. HP: 29/29 MP: 3/3
   942 | D:2      | Found an ornate altar of the Wu Jian Council.
   979 | D:2      | Noticed Robin
   983 | D:2      | Reached skill level 3 in Axes
   987 | D:2      | Reached XP level 4. HP: 22/37 MP: 4/4
   992 | D:2      | Killed Robin
  1372 | D:2      | Noticed Jessica
  1381 | D:2      | Killed Jessica
  1462 | D:2      | Reached XP level 5. HP: 42/42 MP: 5/5
  1769 | D:3      | Found a glowing golden altar of the Shining One.
  1817 | D:3      | Noticed croobank's ghost (amateur OpDe)
  1822 | D:3      | Found a transporter.
  1922 | D:3      | Found a faded altar of an unknown god.
  1929 | D:3      | Reached skill level 4 in Axes
  2183 | D:3      | Found a transporter.
  2453 | D:4      | Reached XP level 6. HP: 41/48 MP: 6/6
  2534 | D:4      | Found a staircase to the Ecumenical Temple.
  2546 | Temple   | Entered the Ecumenical Temple
  2556 | Temple   | Became a worshipper of Warmaster Okawaru
  2838 | D:4      | You fall into a shaft and drop 1 floor!
  2838 | D:5      | Entered Level 5 of the Dungeon
  2857 | D:5      | Noticed an ogre
  2993 | D:5      | Noticed a wyvern
  3001 | D:5      | Killed a wyvern
  3002 | D:5      | Reached skill level 5 in Axes
  3002 | D:5      | Reached skill level 1 in Invocations
  3007 | D:5      | Mangled by an ogre

Illustrated notes

Levels and vault maps discovered:
D:1:      tarquinn_simple_flora_water_e, layout_loops_corners,
          minmay_fountain_box
D:2:      layout_basic, basic_altar, minmay_misc_feat_enclosed, uniq_jessica,
          uniq_robin
D:3:      layout_loops_ring, tso_oasis_becter,
          ebering_ecumenical_altar_sacrificial, gammafunk_ghost_arena
D:4:      layout_basic, minmay_temple_entry_overgrown
D:5:      layout_loops_ring, amcnicky_altar_gilded
Temple:   nicolae_temple_great_sept

Skill      XL: |  1  2  3  4  5  6 |
---------------+-------------------+-----
Axes           | 3 4 5 |  5.1
Armour         | 4 |  4.5
Fighting       | 4 |  4.2
Invocations    | 1 |  1.0
Dodging        | |  0.1
Shields        | |  4.9

Action                     |  1- 3 |  4- 6 || total
---------------------------+-------+-------++-------
  Melee: War axe           |    76 |   122 ||   198
    Use: Scroll            |     1 |     5 ||     6
         Potion            |       |     1 ||     1
 Armour: Scale mail        |    37 |    15 ||    52
         Plate armour      |       |    31 ||    31
  Dodge: Dodged            |    44 |    43 ||    87
  Block: Buckler           |    15 |    27 ||    42
